 Dungeon Crawl Stone Soup version 0.23.2-33-g5129a83184 (webtiles) character file.

Game seed: 9366713345079609814

30 Folque the Digger (level 3, 0/29 HPs)
             Began as a Draconian Earth Elementalist on June 26, 2019.
             Succumbed to an adder's poison
             ... on level 1 of the Dungeon.
             The game lasted 00:02:06 (702 turns).

Folque the Digger (Draconian Earth Elementalist)     Turns: 702, Time: 00:02:07

Health: 0/29       AC:  5    Str: 10    XL:     3   Next: 5%
Magic:  0/6        EV: 12    Int: 16    God:
Gold:   83         SH:  0    Dex: 11    Spells: 3/6 levels left

rFire    . . .     SeeInvis .   j - +0 dagger
rCold    + . .     Gourm    .   (no shield)
rNeg     . . .     Faith    .   (armour unavailable)
rPois    .         Spirit   .   (helmet restricted)
rElec    .         Reflect  .   (no cloak)
rCorr    .         Harm     .   (no gloves)
MR       .....                  (no boots)
Stlth    ++........             (no amulet)
HPRegen  0.09/turn              (no ring)
MPRegen  0.10/turn              (no ring)

@: lethally poisoned (0 -> -2), flying
A: unfitting armour, blink, cold resistance 1, deterioration 1, cold-blooded, AC
+5
a: Blink


You were on level 1 of the Dungeon.
You were not hungry.

You visited 1 branch of the dungeon, and saw 2 of its levels.

You collected 83 gold pieces.

Inventory:

Hand Weapons
 d - a +0 spear
 j - a +0 dagger (weapon)
Missiles
 b - 50 stones (quivered)
Jewellery
 g - an uncursed ring of see invisible {unknown}
Scrolls
 a - 2 scrolls of magic mapping {unknown}
 i - a scroll of amnesia {unknown}
Potions
 e - a potion of flight
Comestibles
 c - 3 rations


   Skills:
 * Level 2.0 Fighting
 - Level 1.7 Dodging
 - Level 1.7 Stealth
 + Level 2.3 Spellcasting
 - Level 1.0 Transmutations
 + Level 3.3 Earth Magic


You had 3 spell levels left.
You knew the following spells:

 Your Spells              Type           Power        Failure   Level  Hunger
a - Sandblast             Erth           ##....       4%          1    #......
b - Passwall              Tmut/Erth      #.......     12%         2    ###....

Your spell library contained the following spells:

 Spells                   Type           Power        Failure   Level  Hunger
 Stone Arrow              Conj/Erth      #.....       30%         3    ###....
 Petrify                  Tmut/Erth      #.......     63%         4    #####..
 Lee's Rapid Deconstruct  Erth           ##........   80%         5    ######.


Dungeon Overview and Level Annotations

Branches:
Dungeon (2/15)

Altars:


Innate Abilities, Weirdness & Mutations

Your plain brown scales are hard. (AC +5)
You cannot fit into any form of body armour.
You are cold-blooded and may be slowed by cold attacks.
You can translocate small distances at will.
Your flesh is cold resistant. (rC+)
Your body sometimes deteriorates upon taking damage.


Message History

Aiming: Sandblast (safe; 5% risk of failure)
Press: ? - help, Shift-Dir - straight line, f/p - adder
Aim: an adder (severely wounded)
The blast of sand misses the adder.
b - 51 stones The adder barely misses you.
Casting: Sandblast (safe; 5% risk of failure)
Confirm with . or Enter, or press ? or * to list all spells.
Aiming: Sandblast (safe; 5% risk of failure)
Press: ? - help, Shift-Dir - straight line, f/p - adder
Aim: an adder (severely wounded)
The blast of sand hits the adder.
You kill the adder!
Your Fighting skill increases to level 2!
You have reached level 3!
Your experience leads to an increase in your attributes!
Increase (S)trength, (I)ntelligence, or (D)exterity?
You feel clever.
Your scales feel tougher.
b - 50 stones You die...

......## #.......).##.# #'#
.......## #.........#..# #.#
........# #.........#g## ##'#
........# ##...)...##S# #...
........## ##.........# #...
>........# ##.#.#.#### #...
.........# ###..#..S# #####...
.......#.####...###..#####.......
................@.g..#...#.###...
...............###...............
............##.#####.....#####...
.................###.#...# #...
)........###.......#.#...# ####
........## #.........#...# ##..
.......## ##.............#####...
######.####........##.##..##....#
#................##.##........#


You could see a goblin.

Vanquished Creatures
  2 adders (D:1)
  A dart slug (D:1)
  2 goblins (D:1)
  4 hobgoblins
  A frilled lizard (D:1)
  A rat (D:1)
11 creatures vanquished.

Notes
Turn   | Place    | Note
-------+----------+-------------------------------------------
     0 | D:1      | Folque the Draconian Earth Elementalist began the quest for
                  | the Orb.
     0 | D:1      | Reached XP level 1. HP: 14/14 MP: 3/3
   356 | D:1      | Reached skill level 1 in Fighting
   356 | D:1      | Reached XP level 2. HP: 23/23 MP: 3/5
   360 | D:1      | Learned a level 2 spell: Passwall
   693 | D:1      | Gained mutation: You can translocate small distances at
                  | will. [potion of mutation]
   693 | D:1      | Gained mutation: Your body sometimes deteriorates upon
                  | taking damage. [potion of mutation]
   693 | D:1      | Gained mutation: Your flesh is cold resistant. (rC+)
                  | [potion of mutation]
   695 | D:1      | HP: 1/24 [poisoned by an adder]
   702 | D:1      | Reached XP level 3. HP: 1/29 MP: 0/6
   702 | D:1      | Succumbed to an adder's poison

Skill      XL: |  1  2 |
---------------+-------+-----
Fighting       | 1 2 |  2.0
Dodging        | |  1.7
Stealth        | |  1.7
Spellcasting   | |  2.3
Transmutations | |  1.0
Earth Magic    | |  3.3

Action                   || total
-------------------------++-------
Melee: Spear             ||     8
       Unarmed           ||     4
       Tailslap          ||     1
       Dagger            ||    17
 Cast: Sandblast         ||    11
 Abil: Blink             ||     1
  Use: Potion            ||     2
Armor: Skin              ||    11
Dodge: Dodged            ||    26
